[Event "ICC tourney 2069 (15 5)"]
[Site "Internet Chess Club"]
[Date "2020.10.18"]
[Round "5"]
[White "Legolas08"]
[Black "AlphaTomato"]
[Result "1-0"]
[ICCResult "Black checkmated"]
[WhiteElo "1615"]
[BlackElo "1449"]
[Opening "King's Indian: 5.Nf3"]
[ECO "E90"]
[NIC "KI.22"]
[Time "16:03:03"]
[TimeControl "900+5"]

1. d4 Nf6 2. c4 g6 3. Nc3 Bg7 4. e4 d6 5. Nf3 Bg4 6. d5 Nbd7 7. Be2 Bxf3 8.
gxf3 a5 9. Be3 Ne5 10. f4 Ned7 11. a3 Nc5 12. Bxc5 dxc5 13. e5 Nd7 14. h4
Nf8 15. Bg4 Bh6 16. Qa4+ Nd7 17. e6 fxe6 18. dxe6 Bxf4 19. exd7+ Kf7 20. Qd1
Kg7 21. Ne4 b6 22. Ng5 Bxg5 23. hxg5 Rf8 24. Qd5 Rf4 25. Qe5+ Rf6 26. gxf6+
exf6 27. Qe8 Qxe8+ 28. dxe8=Q Rxe8+ 29. Kd2 Re4 30. Be2 Rf4 31. Rh2 h5 32.
Rg1 Rf5 33. Rxh5 Rxf2 34. Rh3 Rf5 35. Rg2 g5 36. Bd3 Rf4 37. Rh7+ Kg8 38.
Re2 Rd4 39. Re8# {Black checkmated} 1-0

[Event "ICC tourney 2069 (15 5)"]
[Site "Internet Chess Club"]
[Date "2020.10.18"]
[Round "5"]
[White "musk6868"]
[Black "hackerguru"]
[Result "1-0"]
[ICCResult "Black resigns"]
[WhiteElo "2061"]
[BlackElo "1757"]
[Opening "Sicilian: Labourdonnais-Löwenthal (Kalashnikov) variation"]
[ECO "B32"]
[NIC "SI.32"]
[Time "16:03:10"]
[TimeControl "900+5"]

1. e4 c5 2. Nf3 Nc6 3. d4 cxd4 4. Nxd4 e5 5. Nb5 d6 6. N1c3 a6 7. Na3 Be7 8.
Nd5 Nf6 9. Nxf6+ Bxf6 10. c3 Be6 11. Bc4 O-O 12. O-O Qe7 13. Bd5 Rac8 14.
Be3 b5 15. Nc2 Na5 16. a4 Nc4 17. Bc1 bxa4 18. Bxe6 fxe6 19. Rxa4 Bg5 20.
Rxa6 Bxc1 21. Qxc1 Qb7 22. Nb4 Qxe4 23. b3 Qb7 24. bxc4 Rxc4 25. Qe3 Rxb4
26. Ra7 {Black resigns} 1-0

[Event "ICC tourney 2069 (15 5)"]
[Site "Internet Chess Club"]
[Date "2020.10.18"]
[Round "5"]
[White "greasyaluminum"]
[Black "dcole"]
[Result "0-1"]
[ICCResult "White resigns"]
[WhiteElo "1457"]
[BlackElo "1662"]
[Opening "Philidor's defense"]
[ECO "C41"]
[NIC "KP.10"]
[Time "16:03:01"]
[TimeControl "900+5"]

1. e4 e5 2. Nf3 d6 3. Bc4 Be7 4. d3 Nf6 5. Nc3 c6 6. Bb3 O-O 7. h3 b5 8. a3
a5 9. Be3 Qc7 10. O-O Nbd7 11. d4 Bb7 12. dxe5 dxe5 13. Qe2 Ba6 14. Na2 Nxe4
15. Rad1 Nd6 16. Rfe1 a4 17. Nb4 axb3 18. cxb3 Bb7 19. Qc2 Rfc8 20. Bg5 Bf8
21. Bh4 c5 22. Nd5 Bxd5 23. Rxd5 c4 24. Ng5 g6 25. Nf3 Nf5 26. Rxb5 Nxh4 27.
Nxh4 cxb3 28. Qxb3 Nc5 29. Qd5 Bg7 30. Rc1 Bf8 31. b3 Qc6 32. Qxc6 Rxc6 33.
b4 Rxa3 34. bxc5 Bh6 35. Rc2 Kg7 36. Nf3 Bf4 37. g3 Rxf3 38. Kg2 Rd3 39.
gxf4 exf4 40. Rc4 g5 41. h4 h6 42. hxg5 hxg5 43. Rb6 Rxb6 44. cxb6 Rb3 45.
Rc5 Kg6 46. Rc6+ f6 47. Kf1 g4 48. Kg2 Kg5 49. Rc7 Rxb6 50. Rg7+ Kf5 51. Re7
Rb2 52. Rg7 g3 53. Kg1 Rxf2 54. Rb7 Kg4 55. Rb4 f5 56. Rb3 Rd2 57. Rb8 f3
58. Rg8+ Kf4 {White resigns} 0-1

[Event "ICC tourney 2069 (15 5)"]
[Site "Internet Chess Club"]
[Date "2020.10.18"]
[Round "5"]
[White "Jets"]
[Black "adimaj"]
[Result "1-0"]
[ICCResult "Black checkmated"]
[WhiteElo "1596"]
[BlackElo "1454"]
[Opening "English: symmetrical variation"]
[ECO "D33"]
[NIC "EO.64"]
[Time "16:02:46"]
[TimeControl "900+5"]

1. c4 c5 2. Nc3 Nc6 3. Nf3 e6 4. g3 Nf6 5. Bg2 d5 6. cxd5 exd5 7. d4 cxd4 8.
Nxd4 Bc5 9. Nb3 Bb4 10. O-O Be6 11. Be3 O-O 12. Rc1 Ng4 13. Bc5 Bxc5 14.
Nxc5 Qc8 15. Nxd5 Bxd5 16. Qxd5 Nf6 17. Qb3 Re8 18. Nxb7 Nd4 19. Rxc8 Nxb3
20. Rxa8 Rxa8 21. axb3 h6 22. Rc1 Re8 23. e3 Rb8 24. Rc7 Ne8 25. Re7 Kf8 26.
Re5 g5 27. Ra5 Nc7 28. Rxa7 Nb5 29. Ra5 Nc7 30. Rf5 Kg7 31. Nd6 Rf8 32. b4
f6 33. b5 Rb8 34. Nc4 Nxb5 35. b4 Nc7 36. Rc5 Na6 37. Rc6 Nxb4 38. Rc7+ Kg6
39. Be4+ f5 40. Ne5+ Kh5 41. Bxf5 Nd5 42. Bg6# {Black checkmated} 1-0

[Event "ICC tourney 2069 (15 5)"]
[Site "Internet Chess Club"]
[Date "2020.10.18"]
[Round "5"]
[White "spellking98"]
[Black "CastledQueen"]
[Result "1-0"]
[ICCResult "Black resigns"]
[WhiteElo "2042"]
[BlackElo "1677"]
[Opening "QP counter-gambit (elephant gambit)"]
[ECO "C40"]
[NIC "KP.10"]
[Time "16:02:42"]
[TimeControl "900+5"]

1. e4 e5 2. Nf3 d5 3. exd5 e4 4. Qe2 Nf6 5. Nc3 Be7 6. Nxe4 O-O 7. d3 Re8 8.
Bd2 Nxd5 9. O-O-O Nc6 10. Re1 Bg4 11. h3 Bh5 12. g4 Bg6 13. h4 h6 14. Qd1
Bf8 15. h5 Bxe4 16. dxe4 Nf6 17. g5 Nxe4 18. Rxe4 Rxe4 19. Bd3 Re6 20. gxh6
Qd5 21. Kb1 g6 22. h7+ Kh8 23. hxg6 Bg7 24. Ng5 Rf6 25. Nxf7+ Rxf7 26. gxf7
Rd8 27. Qh5 Ne5 28. Bc3 Qxf7 29. Bxe5 Bxe5 30. Qxe5+ Qg7 31. Qxg7+ Kxg7 32.
Kc1 Rh8 33. Kd2 b6 34. Ke3 c5 35. Kf3 Rf8+ 36. Kg4 Kh8 37. f4 Rf7 38. Re1
Kg7 39. Re8 {Black resigns} 1-0

[Event "ICC tourney 2069 (15 5)"]
[Site "Internet Chess Club"]
[Date "2020.10.18"]
[Round "5"]
[White "blueocean07"]
[Black "Goran21"]
[Result "0-1"]
[ICCResult "White forfeits on time"]
[WhiteElo "1308"]
[BlackElo "2077"]
[Opening "King's Indian defense, 3.Nc3"]
[ECO "E61"]
[NIC "KI.80"]
[Time "16:02:51"]
[TimeControl "900+5"]

1. d4 Nf6 2. c4 g6 3. Nc3 Bg7 4. Bf4 O-O 5. e3 d6 6. Nf3 Nbd7 7. Be2 Re8 8.
O-O b6 9. d5 Bb7 10. Qc2 e5 11. Bg5 h6 12. Bh4 g5 13. Bg3 Nh5 14. Nd2 Nxg3
15. hxg3 Nf8 16. Bg4 Bc8 17. Qd1 f5 18. Bh5 Re7 19. e4 Nh7 20. exf5 Bxf5 21.
Nde4 Kh8 22. g4 Bd7 23. g3 a6 24. f4 exf4 25. gxf4 gxf4 26. Rxf4 Be5 27. Rf2
Rg7 28. Qd2 Qh4 29. Qxh6 Bxg4 30. Rg2 Bd4+ 31. Nf2 Bxf2+ 32. Rxf2 Bxh5+
{White forfeits on time}
0-1

[Event "ICC tourney 2069 (15 5)"]
[Site "Internet Chess Club"]
[Date "2020.10.18"]
[Round "5"]
[White "mgelgi"]
[Black "Roger436"]
[Result "1-0"]
[ICCResult "Black checkmated"]
[WhiteElo "1494"]
[BlackElo "1669"]
[Opening "Sicilian: accelerated fianchetto, exchange variation"]
[ECO "B34"]
[NIC "SI.33"]
[Time "16:03:00"]
[TimeControl "900+5"]

1. e4 c5 2. Nf3 Nc6 3. d4 cxd4 4. Nxd4 g6 5. Nxc6 bxc6 6. Nc3 Bg7 7. Be3 e6
8. Qd2 Ne7 9. Bd3 d5 10. exd5 cxd5 11. Bb5+ Bd7 12. Bxd7+ Qxd7 13. O-O-O Nf5
14. Bf4 O-O 15. Qd3 Rfc8 16. Qb5 Qe7 17. g4 Nd6 18. Qa4 Rc4 19. Qa3 Rxf4 20.
Nb5 Qg5 21. Nxd6 Rb4+ 22. Qe3 Bxb2+ 23. Kd2 Bc3+ 24. Kxc3 d4+ 25. Rxd4 Qc5+
26. Kd3 e5 27. Rxb4 Qxd6+ 28. Kc3 Rc8+ 29. Rc4 Rxc4+ 30. Kxc4 Qc6+ 31. Qc5
Qxh1 32. Qxa7 Qf1+ 33. Kb4 Qb1+ 34. Kc3 Qe1+ 35. Kc4 Qe2+ 36. Kc3 Qxg4 37.
Qb8+ Kg7 38. Qxe5+ Kg8 39. Qb8+ Kg7 40. Qe5+ Kh6 41. Qe3+ Kg7 42. Qd4+ Qxd4+
43. Kxd4 Kf8 44. a4 Ke8 45. a5 Kd8 46. a6 Kc8 47. Kc5 f5 48. Kb6 Kb8 49. a7+
Ka8 50. c4 g5 51. c5 g4 52. c6 g3 53. c7 gxf2 54. c8=Q# {Black checkmated}
1-0

[Event "ICC tourney 2069 (15 5)"]
[Site "Internet Chess Club"]
[Date "2020.10.18"]
[Round "5"]
[White "Omk"]
[Black "weakfish"]
[Result "1-0"]
[ICCResult "Black resigns"]
[WhiteElo "1586"]
[BlackElo "1531"]
[Opening "QGD Slav: 4.e3"]
[ECO "D11"]
[NIC "EO.64"]
[Time "16:03:05"]
[TimeControl "900+5"]

1. c4 c6 2. Nf3 d5 3. d4 Nf6 4. e3 Bg4 5. Nc3 dxc4 6. Bxc4 e6 7. O-O Nbd7 8.
e4 Nb6 9. Be2 Bb4 10. Qd3 Bxf3 11. Bxf3 O-O 12. e5 Nfd5 13. Ne4 Be7 14. Rd1
Qc7 15. Bd2 Rac8 16. Rac1 Qb8 17. a3 Nd7 18. b4 f6 19. exf6 N7xf6 20. Ng5
Qd6 21. Bg4 Rce8 22. Bxe6+ Kh8 23. Re1 h6 24. Nf7+ Rxf7 25. Bxf7 Rf8 26. Be6
Nf4 27. Bxf4 Qxf4 28. g3 Qc7 29. Qg6 Qd6 30. Bf5 Bd8 31. Re6 Qxd4 32. Rxf6
{Black resigns}
1-0

[Event "ICC tourney 2069 (15 5)"]
[Site "Internet Chess Club"]
[Date "2020.10.18"]
[Round "5"]
[White "NightMovesTN"]
[Black "f5"]
[Result "1-0"]
[ICCResult "Black resigns"]
[WhiteElo "2259"]
[BlackElo "2148"]
[Opening "Dutch defense"]
[ECO "A81"]
[NIC "HD.12"]
[Time "16:03:04"]
[TimeControl "900+5"]

1. d4 f5 2. g3 Nf6 3. Bg2 g6 4. Nh3 Bg7 5. O-O d6 6. d5 O-O 7. Nc3 c6 8. e4
cxd5 9. exd5 Nbd7 10. Ne2 Re8 11. Nef4 Nf8 12. Re1 h6 13. Qd3 g5 14. Ne6
Nxe6 15. dxe6 Qa5 16. Bd2 Qc5 17. b4 Qc7 18. Qxf5 Rf8 19. Rab1 Rb8 20. Rb3
b6 21. Rc3 Qd8 22. Bc6 Bb7 23. b5 Nd7 24. Qg6 Ne5 25. Rxe5 Rf6 26. Qe4 dxe5
27. Rd3 Qc8 28. Rd7 Bxc6 29. bxc6 Qf8 30. c7 Re8 31. Qd5 g4 32. Rd8 Kh7 33.
c8=Q {Black resigns} 1-0

[Event "ICC tourney 2069 (15 5)"]
[Site "Internet Chess Club"]
[Date "2020.10.18"]
[Round "5"]
[White "aryarsh1"]
[Black "MYMChessWyatt"]
[Result "0-1"]
[ICCResult "White checkmated"]
[WhiteElo "1259"]
[BlackElo "1231"]
[Opening "Sicilian"]
[ECO "B54"]
[NIC "SI.01"]
[Time "16:02:59"]
[TimeControl "900+5"]

1. e4 c5 2. Nf3 d6 3. d4 cxd4 4. Nxd4 a6 5. Nc3 e6 6. f3 b5 7. a3 Bb7 8. Be3
Nd7 9. Bd3 Ngf6 10. Qd2 Be7 11. h4 d5 12. exd5 Nxd5 13. Nxd5 Bxh4+ 14. Bf2
Bxf2+ 15. Qxf2 Bxd5 16. Rxh7 Rxh7 17. Bxh7 Qg5 18. Bd3 Qe5+ 19. Kd2 Rc8 20.
Qe3 Qg3 21. Rh1 Qxg2+ 22. Qe2 Qxh1 23. Nf5 Bxf3 24. Nd6+ Kf8 25. Qf2 Qh6+
26. Ke1 Qc1# {White checkmated} 0-1

[Event "ICC tourney 2069 (15 5)"]
[Site "Internet Chess Club"]
[Date "2020.10.18"]
[Round "5"]
[White "TjkTiger"]
[Black "tangent"]
[Result "1-0"]
[ICCResult "Black resigns"]
[WhiteElo "2609"]
[BlackElo "2297"]
[Opening "English: four knights, Nimzovich variation"]
[ECO "A28"]
[NIC "EO.09"]
[Time "16:03:16"]
[TimeControl "900+5"]

1. c4 e5 2. Nc3 Nf6 3. Nf3 Nc6 4. e4 Bb4 5. d3 Bxc3+ 6. bxc3 h6 7. g3 d6 8.
Bg2 O-O 9. O-O b6 10. h3 Re8 11. Ne1 Rb8 12. a4 Nh7 13. f4 exf4 14. Bxf4 Ne5
15. Nc2 Ng5 16. Kh2 Bd7 17. Nd4 g6 18. Qd2 Kg7 19. Rf2 Rh8 20. Raf1 Qe7 21.
Nb5 Rbc8 22. Nxa7 Ra8 23. Nb5 Bc8 24. d4 Nxc4 25. Bxg5 hxg5 26. Rxf7+ Qxf7
27. Rxf7+ Kxf7 28. Qa2 d5 29. Nxc7 Bxh3 30. Nxa8 Ne3 31. Bxh3 g4 32. Qf2+
{Black resigns}
1-0

[Event "ICC tourney 2069 (15 5)"]
[Site "Internet Chess Club"]
[Date "2020.10.18"]
[Round "5"]
[White "BreatheChessAls"]
[Black "meiyab"]
[Result "1-0"]
[ICCResult "Black checkmated"]
[WhiteElo "1926"]
[BlackElo "1572"]
[Opening "Queen's pawn, Mason variation"]
[ECO "D00"]
[NIC "QP.08"]
[Time "16:03:27"]
[TimeControl "900+5"]

1. d4 d5 2. Bf4 Bf5 3. e3 e6 4. Bd3 Bd6 5. Bxf5 Bxf4 6. Bd3 Bd6 7. Nf3 Nf6
8. c3 Nbd7 9. Nbd2 c6 10. Qb3 Qb6 11. O-O O-O 12. Qc2 Qc7 13. e4 dxe4 14.
Nxe4 Nxe4 15. Bxe4 f5 16. Bd3 Nf6 17. h3 Ne4 18. Bxe4 fxe4 19. Qxe4 Rae8 20.
Rae1 Rf4 21. Qd3 e5 22. Ng5 g6 23. Re4 Rxe4 24. Nxe4 Kg7 25. Rd1 exd4 26.
Qxd4+ Be5 27. Qd7+ Qxd7 28. Rxd7+ Kh6 29. Rxb7 Rb8 30. Rxb8 Bxb8 31. g4 Kg7
32. f3 Kf7 33. Kf2 Ke6 34. Ke3 h6 35. h4 h5 36. gxh5 gxh5 37. f4 Kf5 38.
Ng3+ Kg4 39. Ne2 Kxh4 40. Kf3 Kh3 41. f5 Kh4 42. Nd4 Kg5 43. Nxc6 Bd6 44.
Nxa7 Kxf5 45. Nb5 Bf4 46. Nd4+ Ke5 47. Ne2 Bg5 48. b3 h4 49. Kg4 Ke4 50.
Kxg5 h3 51. Kg4 h2 52. Ng3+ Kd3 53. a4 Kxc3 54. a5 Kxb3 55. a6 Kc3 56. a7
Kd2 57. a8=Q h1=B 58. Qxh1 Ke3 59. Qe4+ Kf2 60. Qf3+ Ke1 61. Qe2#
{Black checkmated}
1-0

[Event "ICC tourney 2069 (15 5)"]
[Site "Internet Chess Club"]
[Date "2020.10.18"]
[Round "5"]
[White "JadeTooth"]
[Black "Yeeterino0103"]
[Result "1-0"]
[ICCResult "Black checkmated"]
[WhiteElo "1508"]
[BlackElo "1306"]
[Opening "Scandinavian (center counter) defense"]
[ECO "B01"]
[NIC "SD.01"]
[Time "16:03:09"]
[TimeControl "900+5"]

1. e4 d5 2. exd5 Qxd5 3. Nc3 Qa5 4. Nf3 c6 5. d4 Nf6 6. Bd2 Bf5 7. Bc4 e6 8.
O-O Be7 9. Ne2 Qd8 10. Ng3 Bg6 11. c3 h6 12. Bf4 O-O 13. Bd3 Bxd3 14. Qxd3
Nbd7 15. h3 Qb6 16. Rab1 Rad8 17. c4 Qa6 18. b3 Nc5 19. Qc2 Ncd7 20. Rfd1 c5
21. dxc5 Nxc5 22. Ne5 Nfd7 23. Nxd7 Rxd7 24. Rxd7 Nxd7 25. Qb2 Nc5 26. Nh5
f6 27. Qc2 g5 28. Qg6+ Kh8 29. Qg7# {Black checkmated} 1-0

[Event "ICC tourney 2069 (15 5)"]
[Site "Internet Chess Club"]
[Date "2020.10.18"]
[Round "5"]
[White "Deng18"]
[Black "prkukuku"]
[Result "0-1"]
[ICCResult "White checkmated"]
[WhiteElo "1482"]
[BlackElo "1351"]
[Opening "Three knights game"]
[ECO "C46"]
[NIC "KP.06"]
[Time "16:02:41"]
[TimeControl "900+5"]

1. e4 e5 2. Nf3 Nc6 3. Nc3 Bc5 4. Bb5 Nd4 5. Nxe5 Qe7 6. Ng4 c6 7. Be2 d5 8.
O-O Nxe2+ 9. Qxe2 d4 10. Nd1 f5 11. c3 fxg4 12. b3 dxc3 13. Nxc3 g3 14. hxg3
h5 15. Bb2 h4 16. g4 Nh6 17. Na4 Bxg4 18. Qd3 Bb4 19. a3 Rd8 20. Qc4 Bd6 21.
f3 Be6 22. Qe2 Bxb3 23. Nc3 Bf4 24. d3 Nf7 25. Nd1 h3 26. gxh3 Rxh3 27. Rf2
Qh4 28. Rh2 Rxh2 29. Qf1 Qg3+ 30. Qg2 Qxg2# {White checkmated} 0-1

[Event "ICC tourney 2069 (15 5)"]
[Site "Internet Chess Club"]
[Date "2020.10.18"]
[Round "5"]
[White "premierchess"]
[Black "GGuseinov"]
[Result "0-1"]
[ICCResult "White resigns"]
[WhiteElo "2161"]
[BlackElo "2718"]
[Opening "Sicilian: accelerated fianchetto, Gurgenidze variation"]
[ECO "B36"]
[NIC "SI.33"]
[Time "16:04:14"]
[TimeControl "900+5"]

1. e4 c5 2. Nf3 g6 3. d4 cxd4 4. Nxd4 Nc6 5. c4 Nf6 6. Nc3 Nxd4 7. Qxd4 d6
8. Bg5 Bg7 9. Qd2 O-O 10. Be2 a5 11. O-O a4 12. f3 Qa5 13. Kh1 Be6 14. Rad1
Rfc8 15. Bxf6 Bxf6 16. Nd5 Bxd5 17. exd5 Qxd2 18. Rxd2 Ra6 19. Bd3 Rb6 20.
Rff2 Rb4 21. g3 Ra8 22. Rfe2 Kf8 23. Kg2 Ke8 24. Rc2 Kd8 25. h4 h6 26. f4
Kc7 27. Kf3 Kb6 28. Kg4 Kc5 29. Red2 Ra6 30. h5 g5 31. fxg5 Bxg5 32. Rf2 Bf6
33. Bh7 b5 34. Bg8 Rxc4+ 35. Rxc4+ bxc4 36. Bxf7 a3 37. bxa3 Rxa3 38. Kh3
Be5 39. Rg2 Re3 40. Kg4 c3 41. Be6 Bxg3 42. Kf5 Re5+ 43. Kg6 Bf4 44. Rf2 Bd2
45. Bf5 Rxf5 {White resigns} 0-1

[Event "ICC tourney 2069 (15 5)"]
[Site "Internet Chess Club"]
[Date "2020.10.18"]
[Round "5"]
[White "sahti2009"]
[Black "patzer2020"]
[Result "0-1"]
[ICCResult "White checkmated"]
[WhiteElo "1200"]
[BlackElo "1451"]
[Opening "King's Indian: East Indian defense"]
[ECO "A48"]
[NIC "QP.06"]
[Time "16:02:54"]
[TimeControl "900+5"]

1. d4 Nf6 2. Nf3 g6 3. e3 Bg7 4. Bd3 O-O 5. Nbd2 b6 6. O-O Bb7 7. b3 d6 8.
Bb2 Nbd7 9. Rc1 Re8 10. c3 e5 11. dxe5 Nxe5 12. Nxe5 Rxe5 13. Qe2 Re7 14.
Nf3 Nd5 15. Ba6 Bc6 16. Nd4 Bd7 17. Bb7 Nf4 18. Qf3 Nd3 19. Rb1 Ne5 20. Qg3
Rb8 21. Bf3 c5 22. Ne2 Bf5 23. Rbd1 Rd7 24. Nf4 Nxf3+ 25. Qxf3 d5 26. Nxd5
Be6 27. e4 f5 28. exf5 Bxd5 29. Qg4 Bf7 30. Rxd7 Qxd7 31. Qf4 Rf8 32. fxg6
Bxg6 33. Qc4+ Bf7 34. Qh4 Qd2 35. Rb1 Qc2 36. Re1 Qxb2 37. h3 Qxc3 38. Re3
Qc1+ 39. Kh2 Bg6 40. Qe7 Qb2 41. Qxa7 Qxf2 42. Re7 Qf4+ 43. Kh1 Be5 44. Rxe5
Qxe5 45. Qxb6 Rf1# {White checkmated} 0-1

[Event "ICC tourney 2069 (15 5)"]
[Site "Internet Chess Club"]
[Date "2020.10.18"]
[Round "5"]
[White "mortonaw"]
[Black "Tinky"]
[Result "1-0"]
[ICCResult "Black resigns"]
[WhiteElo "1574"]
[BlackElo "1352"]
[Opening "Philidor: exchange variation"]
[ECO "C41"]
[NIC "KP.08"]
[Time "16:02:40"]
[TimeControl "900+5"]

1. e4 e5 2. Nf3 d6 3. d4 exd4 4. Qxd4 Nf6 5. Nc3 Be7 6. Bg5 O-O 7. O-O-O Nc6
8. Qc4 Be6 9. Qe2 Bg4 10. h3 Bh5 11. g4 Bg6 12. e5 Nd7 13. Bxe7 Qxe7 14. Nd5
Qd8 15. e6 fxe6 16. Qxe6+ Kh8 17. Qe3 Nc5 18. Nd4 Be4 19. Ne6 Nxe6 20. Qxe4
Qg5+ 21. Kb1 Nc5 22. Qg2 Rac8 23. f4 Qg6 24. b4 Ne4 25. Kb2 Rfe8 26. Bd3 Nd4
27. f5 Qf7 28. Bxe4 Nb5 29. Nc3 Qf6 30. Rd3 Qe5 31. Bxb7 Rb8 32. Bc6 Nxc3
33. Bxe8 Rxb4+ 34. Kc1 Ne2+ 35. Kd2 Nf4 36. Qa8 Qe2+ 37. Kc3 Rc4+ 38. Kxc4
Qxc2+ 39. Rc3 Qe2+ 40. Kb3 g6 41. Bb5+ Kg7 42. Bxe2 Nxe2 43. Rxc7+
{Black resigns}
1-0

[Event "ICC tourney 2069 (15 5)"]
[Site "Internet Chess Club"]
[Date "2020.10.18"]
[Round "5"]
[White "swathivjdp"]
[Black "Deng16"]
[Result "1-0"]
[ICCResult "Black forfeits on time"]
[WhiteElo "1395"]
[BlackElo "1337"]
[Opening "Giuoco Piano"]
[ECO "C50"]
[NIC "IG.02"]
[Time "16:02:39"]
[TimeControl "900+5"]

1. e4 e5 2. Nf3 Nc6 3. Bc4 Bc5 4. Nc3 d6 5. h3 Nf6 6. d3 h6 7. O-O Be6 8.
Bb3 O-O 9. Be3 Bb6 10. Re1 Qd7 11. d4 exd4 12. Nxd4 Nxd4 13. Bxd4 Qe7 14. e5
dxe5 15. Bxe5 Qc5 16. Qf3 Bxb3 17. axb3 Nh7 18. Ra4 Ng5 19. Qg3 Rad8 20. h4
Ne6 21. Rg4 f6 22. Bf4 Nxf4 23. Rxf4 Rd2 24. Ne4 Qxc2 25. Nxd2 Qxd2 26. Rfe4
Qxb2 27. Re7 f5 28. R1e2 Qa1+ 29. Kh2 Bc5 30. Rxc7 Qd4 31. Re5
{Black forfeits on time}
1-0

[Event "ICC tourney 2069 (15 5)"]
[Site "Internet Chess Club"]
[Date "2020.10.18"]
[Round "5"]
[White "tidalwave09"]
[Black "Ojas2020"]
[Result "0-1"]
[ICCResult "White forfeits on time"]
[WhiteElo "1456"]
[BlackElo "1430"]
[Opening "QGD Slav defense: exchange variation"]
[ECO "D10"]
[NIC "SL.01"]
[Time "16:03:16"]
[TimeControl "900+5"]

1. d4 d5 2. c4 c6 3. cxd5 cxd5 4. Nc3 Nf6 5. Bf4 Nc6 6. e3 Bf5 7. Nf3 e6 8.
Be2 Bb4 9. O-O O-O 10. a3 Bxc3 11. bxc3 Ne4 12. Qb3 Na5 13. Qb4 b6 14. Ne5
f6 15. Nd3 Rc8 16. Rfc1 Rc4 17. Qb2 Nd2 18. Qxd2 Nb3 19. Qb2 Nxc1 20. Rxc1
Rc8 21. Nb4 a5 22. Na6 h6 23. Bg3 Bg6 24. c4 Rf7 25. c5 bxc5 26. Nxc5 Qe7
{White forfeits on time}
0-1

[Event "ICC tourney 2069 (15 5)"]
[Site "Internet Chess Club"]
[Date "2020.10.18"]
[Round "5"]
[White "IAlwaysWin"]
[Black "caratclownery"]
[Result "0-1"]
[ICCResult "White forfeits on time"]
[WhiteElo "1941"]
[BlackElo "1971"]
[Opening "Nimzovich-Larsen attack: classical variation"]
[ECO "A01"]
[NIC "VO.08"]
[Time "16:03:24"]
[TimeControl "900+5"]

1. b3 d5 2. Bb2 Bf5 3. d3 e6 4. Nd2 Nf6 5. g3 Bd6 6. Bg2 O-O 7. Ngf3 Nbd7 8.
O-O Rc8 9. Re1 Bc5 10. h3 c6 11. Nh4 Bg6 12. Nxg6 fxg6 13. Nf3 Qc7 14. d4
Bd6 15. Ng5 Rce8 16. Kh2 h6 17. Nf3 Ne4 18. Kg1 Nxf2 19. Kxf2 Bxg3+ 20. Kf1
Bxe1 21. Qxe1 e5 22. Kg1 e4 23. Nh2 Nf6 24. e3 Nh5 25. Ng4 Rf5 26. Ne5 Kh7
27. Qh4 Ref8 28. Rf1 Rxf1+ 29. Bxf1 Qd6 30. Qg4 Qf6 31. Qg2 Qf5 32. Ba3 Rf6
33. Be7 Re6 34. Bh4 g5 35. Bg3 Rf6 36. Be2 Nxg3 37. Qxg3 b6 38. Qg2 c5 39.
c3 cxd4 40. cxd4 Qc8 41. Ng4 Rf8 42. Kh2 Qf5 43. Kg1 Rc8 44. Ne5 Rc1+ 45.
Kh2 Rc2 46. a4 Qc8 47. Qf1 Qe6 48. Qg2 Rc3 49. Bg4 Qf6 50. Bh5 Rxe3 51. Ng4
Qf4+ {White forfeits on time} 0-1

[Event "ICC tourney 2069 (15 5)"]
[Site "Internet Chess Club"]
[Date "2020.10.18"]
[Round "5"]
[White "Nani123"]
[Black "danielbest"]
[Result "1-0"]
[ICCResult "Black resigns"]
[WhiteElo "1045"]
[BlackElo "1487"]
[Opening "Sicilian: closed"]
[ECO "B23"]
[NIC "SI.44"]
[Time "16:02:55"]
[TimeControl "900+5"]

1. e4 c5 2. Nc3 d6 3. g3 Nf6 4. Bg2 Nc6 5. d3 g6 6. h3 Bg7 7. f4 O-O 8. Nge2
e6 9. Be3 a6 10. g4 Nd7 11. h4 b5 12. Ng3 Bb7 13. Nce2 Bxb2 14. Rb1 Bg7 15.
h5 Qa5+ 16. Bd2 Qc7 17. h6 Bh8 18. f5 Nde5 19. Nf4 Qd7 20. Qe2 Nd4 21. Qd1
c4 22. c3 Ndc6 23. d4 Nd3+ 24. Nxd3 cxd3 25. Qf3 Na5 26. Qxd3 Nc4 27. Bf4 d5
28. e5 Rfc8 29. f6 Qc7 30. g5 Nb6 31. Bd2 Na4 32. Rc1 Qc4 33. Qxc4 Rxc4 34.
Bf1 Rc6 35. Bg2 Rac8 36. Ne2 Nb2 37. O-O Nc4 38. Bf4 a5 39. Kh1 Ba6 40. Rg1
b4 41. cxb4 axb4 42. Rge1 Na3 43. Rxc6 Rxc6 44. Rc1 Nc2 45. Ng1 Nxd4 46.
Rxc6 Nxc6 47. Nf3 Bc4 48. Bc1 Bxa2 49. Bb2 Na5 50. Bf1 Nc4 51. Bxc4 dxc4 52.
Nd4 c3 53. Ba1 Bd5+ 54. Kg1 Kf8 55. Kf2 Ke8 56. Ke3 Kd7 57. Kd3 Kc7 58. Bxc3
bxc3 59. Kxc3 Kb6 60. Kb4 Bxf6 61. exf6 e5 62. Ne2 Kc6 63. Kc3 Kd6 64. Ng3
Be6 65. Kd2 Bg4 66. Ke3 Ke6 67. Ke4 Bh3 68. Ke3 Bg2 69. Kf2 Bd5 70. Ke3 Kd6
71. Kd3 Kc5 72. Ke3 Kb4 73. Ne4 Kb3 74. Nc5+ Kc4 75. Ne4 Kb3 76. Nc5+ Kc2
77. Ne4 Kd1 78. Nc5 Kc2 79. Nd7 e4 80. Nf8 Kc3 81. Nxh7 Kc4 82. Nf8
{Black resigns}
1-0

[Event "ICC tourney 2069 (15 5)"]
[Site "Internet Chess Club"]
[Date "2020.10.18"]
[Round "5"]
[White "saathvikdasari"]
[Black "harkerchess"]
[Result "1-0"]
[ICCResult "Black checkmated"]
[WhiteElo "1369"]
[BlackElo "1916"]
[Opening "Caro-Kann: advance variation"]
[ECO "B12"]
[NIC "CK.02"]
[Time "16:02:44"]
[TimeControl "900+5"]

1. e4 c6 2. d4 d5 3. e5 c5 4. c3 Nc6 5. Nf3 Bg4 6. Be2 e6 7. Be3 Qb6 8. dxc5
Bxc5 9. Bxc5 Qxc5 10. O-O Bxf3 11. Bxf3 Nxe5 12. Nd2 Nf6 13. Re1 Nxf3+ 14.
Nxf3 O-O 15. Qd4 Qxd4 16. cxd4 Rac8 17. Rac1 Rc4 18. Rxc4 dxc4 19. Rc1 b5
20. a4 a6 21. axb5 axb5 22. b3 cxb3 23. Nd2 Nd5 24. Nxb3 g6 25. Rc5 b4 26.
Kf1 Ra8 27. Ra5 Rb8 28. Ke2 Kg7 29. g3 Kf6 30. Kd3 h5 31. Ra7 Rc8 32. Nc5
Rc7 33. Rxc7 Nxc7 34. Kc4 Nd5 35. Ne4+ Ke7 36. h4 f5 37. Ng5 Nc3 38. Kxb4
Nd5+ 39. Kc5 Nf6 40. Nh3 Ne4+ 41. Kc6 Nc3 42. Nf4 Kf7 43. Kd7 Ne4 44. f3
Nf6+ 45. Kd6 Ne8+ 46. Ke5 Nc7 47. Nh3 Ke7 48. Ng5 Nd5 49. Nxe6 Ne3 50. d5
Nc4+ 51. Kd4 Nd2 52. Ng5 Kd6 53. Nf7+ Ke7 54. Ne5 Kd6 55. Nc4+ Nxc4 56. Kxc4
Kd7 57. Kc5 Kc7 58. d6+ Kd7 59. Kd5 Kd8 60. Ke6 g5 61. hxg5 f4 62. g6 fxg3
63. g7 g2 64. g8=R# {Black checkmated} 1-0

[Event "ICC tourney 2069 (15 5)"]
[Site "Internet Chess Club"]
[Date "2020.10.18"]
[Round "5"]
[White "Futurebus"]
[Black "cooljay"]
[Result "0-1"]
[ICCResult "White checkmated"]
[WhiteElo "1443"]
[BlackElo "2054"]
[Opening "Ruy Lopez: Marshall, Herman Steiner variation"]
[ECO "C89"]
[NIC "RL.17"]
[Time "16:02:41"]
[TimeControl "900+5"]

1. e4 e5 2. Nf3 Nc6 3. Bb5 a6 4. Ba4 Nf6 5. O-O Be7 6. Re1 b5 7. Bb3 O-O 8.
c3 d5 9. exd5 e4 10. dxc6 exf3 11. Qxf3 Bg4 12. Qe3 Re8 13. d4 Bd6 14. Qd2
Bf4 15. Re3 Bxe3 16. fxe3 Ne4 17. Qe1 Qf6 18. d5 a5 19. Nd2 Nc5 20. Bc2 Qe5
21. e4 Qxd5 22. exd5 Rxe1+ 23. Kf2 Rae8 24. b4 R8e2+ 25. Kg3 Rxd2 26. Bxd2
Rxa1 27. Kxg4 Na6 28. Bd3 Rd1 29. Bxb5 Rxd2 30. Bxa6 Rxd5 31. b5 Rc5 32. Kf4
Kf8 33. Ke4 Ke7 34. Kd4 Kd6 35. a4 Rd5+ 36. Kc4 Rc5+ 37. Kd4 Rd5+ 38. Kc4
Rg5 39. g3 Rh5 40. h4 Rc5+ 41. Kd4 Rd5+ 42. Kc4 Re5 43. Bb7 Re4+ 44. Kb3 Rg4
45. Ba8 Rxg3 46. b6 cxb6 47. Kc4 Kc7 48. Bb7 Rg4+ 49. Kb5 Rxh4 50. c4 Rh5+
51. Ka6 Rc5 52. Ka7 h5 53. Ba6 h4 54. Bc8 Kxc8 55. Kxb6 Rxc4 56. Kxa5 Rxa4+
57. Kxa4 h3 58. Kb5 h2 59. Kb6 h1=Q 60. c7 Qb7+ 61. Kc5 Qxc7+ 62. Kb5 Kd7
63. Kb4 Qc2 64. Kb5 Kd6 65. Kb4 Kd5 66. Kb5 Qb3+ 67. Ka6 Kc6 68. Ka5 Qb5#
{White checkmated}
0-1